XFBL
KANSAS CITY ROYALS @ MINNESOTA TWINS
09/19/1982
 
TOP OF THE 1ST
Kansas City Royals batting - Pitching for Minnesota Twins : LHP Mauricio Valdivia
Pitching: LHP Mauricio Valdivia
Batting: LHB Rick Manning 0-0: Ball
1-0: Ball
2-0: Ground out 3-1 (Groundball, 23, EV 88.1 MPH)
Batting: RHB Rickey Henderson 0-0: Called Strike
0-1: Ball
1-1: SINGLE (Line Drive, 89M, EV 108.1 MPH)
Batting: RHB Bob Horner 0-0: Ball
Rickey Henderson steals 2nd base
1-0: Foul Ball, location: 2F
1-1: Swinging Strike
1-2: Foul Ball, location: 2F
1-2: Foul Ball, location: 2F
1-2: Strikes out swinging
Batting: LHB Alvin Davis 0-0: Ball
1-0: Ball
2-0: Foul Ball, location: 2F
2-1: SINGLE (Flyball, 8LS, EV 98.1 MPH)
Rickey Henderson to third
Runner from 3rd tries for Home, SAFE, throw by CF to home
Batting: RHB Gary Carter 0-0: Ball
1-0: Called Strike
Pickoff Throw to First - Error! E1
Alvin Davis to second
1-1: Swinging Strike
1-2: Foul Ball, location: 2F
1-2: Foul Ball, location: 2F
1-2: Strikes out swinging
Top of the 1st over - 1 run, 2 hits, 1 error, 1 left on base; Kansas City 1 - Minnesota 0
BOTTOM OF THE 1ST
Minnesota Twins batting - Pitching for Kansas City Royals : LHP Dave LaPoint
Pitching: LHP Dave LaPoint
Batting: RHB Lee Lacy 0-0: Ball
1-0: Ball
2-0: Called Strike
2-1: Ground out 5-3 (Groundball, 56, EV 89.4 MPH)
Batting: RHB Tom Brown 0-0: Swinging Strike
0-1: Ground out 6-3 (Groundball, 6M, EV 85.0 MPH)
Batting: RHB Steve Brye 0-0: Ball
1-0: Called Strike
1-1: Foul Ball, location: 2F
1-2: Ball
2-2: Foul Ball, location: 2F
2-2: Ball
3-2: Ground out 5-3 (Groundball, 5, EV 88.8 MPH)
Bottom of the 1st over - 0 runs, 0 hits, 0 errors, 0 left on base; Kansas City 1 - Minnesota 0
TOP OF THE 2ND
Kansas City Royals batting - Pitching for Minnesota Twins : LHP Mauricio Valdivia
Batting: LHB Gene Richards 0-0: Ball
1-0: Foul Ball, location: 2F
1-1: Swinging Strike
1-2: Ground out 6-3 (Groundball, 6M, EV 108.1 MPH)
Batting: RHB Adrian Monrreal 0-0: Ball
1-0: Ball
2-0: Called Strike
2-1: Ball
3-1: Ground out U3 (Groundball, 3, EV 103.8 MPH)
Batting: LHB Jim Eisenreich 0-0: Ball
1-0: Ball
2-0: Called Strike
2-1: Foul Ball, location: 2F
2-2: Ball
3-2: Strikes out swinging
Top of the 2nd over - 0 runs, 0 hits, 0 errors, 0 left on base; Kansas City 1 - Minnesota 0
BOTTOM OF THE 2ND
Minnesota Twins batting - Pitching for Kansas City Royals : LHP Dave LaPoint
Batting: RHB Randy Edwards 0-0: Called Strike
0-1: Ball
1-1: Foul Ball, location: 2F
1-2: SINGLE (Flyball, 7S, EV 91.3 MPH)
Batting: RHB Larry Hisle 0-0: Called Strike
0-1: Ball
1-1: Ball
2-1: Ball
3-1: Foul Ball, location: 2F
3-2: DOUBLE (Flyball, 8RXD, EV 90.0 MPH)
Randy Edwards to third
Batting: RHB George Foster 0-0: Foul Ball, location: 2F
0-1: Ball
1-1: Foul Ball, location: 2F
1-2: Ball
2-2: Strikes out swinging
Batting: RHB Chet Lemon 0-0: Ground out 5-3 (Groundball, 5, EV 106.3 MPH)
Batting: RHB Brook Jacoby 0-0: Called Strike
0-1: Ball
1-1: Swinging Strike
1-2: Foul Ball, location: 2F
1-2: Ball
2-2: Ball
3-2: Ground out 4-3 (Groundball, 4, EV 109.4 MPH)
Bottom of the 2nd over - 0 runs, 2 hits, 0 errors, 2 left on base; Kansas City 1 - Minnesota 0
TOP OF THE 3RD
Kansas City Royals batting - Pitching for Minnesota Twins : LHP Mauricio Valdivia
Batting: RHB Lloyd McClendon 0-0: Swinging Strike
0-1: Foul Ball, location: 2F
0-2: Strikes out swinging
Batting: LHB Rick Manning 0-0: Ball
1-0: SINGLE (Groundball, 4M, EV 110.0 MPH) (infield hit)
Batting: RHB Rickey Henderson 0-0: Ball
1-0: Ball
2-0: Foul Ball, location: 2F
2-1: Ball
3-1: Fly out, F5 (Flyball, 5D, EV 85.6 MPH)
Batting: RHB Bob Horner 0-0: Called Strike
0-1: Ball
1-1: Ball
2-1: Ball
Wild Pitch!
Rick Manning to second
3-1: Ground out 5-3 (Groundball, 56S, EV 80.0 MPH)
Top of the 3rd over - 0 runs, 1 hit, 0 errors, 1 left on base; Kansas City 1 - Minnesota 0
BOTTOM OF THE 3RD
Minnesota Twins batting - Pitching for Kansas City Royals : LHP Dave LaPoint
Batting: LHB Ken Oberkfell 0-0: Ground out 4-3 (Groundball, 4D, EV 97.5 MPH)
Batting: RHB Lee Lacy 0-0: Called Strike
0-1: Ball
1-1: Ball
2-1: Called Strike
2-2: Strikes out swinging
Batting: RHB Tom Brown 0-0: Ball
1-0: Ball
2-0: Foul Ball, location: 2F
2-1: Foul Ball, location: 2F
2-2: Ball
3-2: Foul Ball, location: 2F
3-2: DOUBLE (Line Drive, 89M, EV 98.1 MPH)
Batting: RHB Steve Brye 0-0: Swinging Strike
0-1: Ball
1-1: Ball
2-1: Foul Ball, location: 2F
2-2: Ball
3-2: Foul Ball, location: 2F
3-2: Fly out, F8 (Flyball, 8RS, EV 80.0 MPH)
Bottom of the 3rd over - 0 runs, 1 hit, 0 errors, 1 left on base; Kansas City 1 - Minnesota 0
TOP OF THE 4TH
Kansas City Royals batting - Pitching for Minnesota Twins : LHP Mauricio Valdivia
Batting: LHB Alvin Davis 0-0: Ball
1-0: Called Strike
1-1: Ground out 4-3 (Groundball, 4, EV 107.5 MPH)
Batting: RHB Gary Carter 0-0: Ball
1-0: Ball
2-0: Called Strike
2-1: Ground out 1-3 (Groundball, 34S, EV 65.0 MPH)
Batting: LHB Gene Richards 0-0: Ball
1-0: Ground out 5-3 (Groundball, 56, EV 81.9 MPH)
Top of the 4th over - 0 runs, 0 hits, 0 errors, 0 left on base; Kansas City 1 - Minnesota 0
BOTTOM OF THE 4TH
Minnesota Twins batting - Pitching for Kansas City Royals : LHP Dave LaPoint
Batting: RHB Randy Edwards 0-0: Ball
1-0: Ball
2-0: Called Strike
2-1: Ball
3-1: Called Strike
3-2: Ground out 5-3 (Groundball, 56, EV 89.4 MPH)
Batting: RHB Larry Hisle 0-0: Called Strike
0-1: Ball
1-1: Foul Ball, location: 2F
1-2: Ball
2-2: SINGLE (Groundball, 34D, EV 95.6 MPH)
Batting: RHB George Foster 0-0: Ball
Larry Hisle steals 2nd base
1-0: Called Strike
1-1: Ball
2-1: Ball
3-1: Base on Balls
Batting: RHB Chet Lemon 0-0: Ball
1-0: Ball
2-0: Ball
3-0: Called Strike
3-1: Foul Ball, location: 2F
3-2: Fly out, F7 (Line Drive, 7, EV 86.3 MPH)
Batting: RHB Brook Jacoby 0-0: Ball
1-0: Fly out, F8 (Flyball, 8RXD, EV 89.4 MPH)
Bottom of the 4th over - 0 runs, 1 hit, 0 errors, 2 left on base; Kansas City 1 - Minnesota 0
TOP OF THE 5TH
Kansas City Royals batting - Pitching for Minnesota Twins : LHP Mauricio Valdivia
Batting: RHB Adrian Monrreal 0-0: Ball
1-0: Called Strike
1-1: Ground out 6-3 (Groundball, 56, EV 105.0 MPH)
Batting: LHB Jim Eisenreich 0-0: Called Strike
0-1: DOUBLE (Groundball, 3L, EV 107.5 MPH)
Batting: RHB Lloyd McClendon 0-0: Ball
1-0: Ball
2-0: Swinging Strike
2-1: Called Strike
2-2: Strikes out swinging
Batting: LHB Rick Manning 0-0: Foul Ball, location: 2F
0-1: Foul Ball, location: 2F
0-2: Ball
1-2: Ball
2-2: Foul Ball, location: 2F
2-2: Strikes out looking
Top of the 5th over - 0 runs, 1 hit, 0 errors, 1 left on base; Kansas City 1 - Minnesota 0
BOTTOM OF THE 5TH
Minnesota Twins batting - Pitching for Kansas City Royals : LHP Dave LaPoint
Batting: LHB Ken Oberkfell 0-0: Foul Ball, location: 2F
0-1: Ball
1-1: Swinging Strike
1-2: SINGLE (Groundball, 6D, EV 96.9 MPH)
Batting: RHB Lee Lacy 0-0: Called Strike
0-1: Ball
1-1: Foul Ball, location: 2F
1-2: Ball
2-2: Grounds into double play, 4-6-3 (Groundball, 4, EV 82.5 MPH)
Batting: RHB Tom Brown 0-0: Ground out 5-3 (Groundball, 56, EV 110.6 MPH)
Bottom of the 5th over - 0 runs, 1 hit, 0 errors, 0 left on base; Kansas City 1 - Minnesota 0
TOP OF THE 6TH
Kansas City Royals batting - Pitching for Minnesota Twins : LHP Mauricio Valdivia
Batting: RHB Rickey Henderson 0-0: Foul Ball, location: 2F
0-1: Ball
1-1: Swinging Strike
1-2: Ground out 6-3 (Groundball, 56, EV 96.3 MPH)
Batting: RHB Bob Horner 0-0: Ball
1-0: Ball
2-0: Swinging Strike
2-1: Ball
3-1: Swinging Strike
3-2: Base on Balls
Batting: LHB Alvin Davis 0-0: Ball
1-0: Ball
2-0: SINGLE (Flyball, 3D, EV 95.6 MPH)
Bob Horner to second
Runner from 2nd tries for 3rd, SAFE, throw by RF made to third
Now in RF: Jerry Mumphrey
Batting: RHB Gary Carter 0-0: Called Strike
0-1: Grounds into double play, 6-4-3 (Groundball, 6, EV 103.1 MPH)
Top of the 6th over - 0 runs, 1 hit, 0 errors, 1 left on base; Kansas City 1 - Minnesota 0
BOTTOM OF THE 6TH
Minnesota Twins batting - Pitching for Kansas City Royals : LHP Dave LaPoint
Batting: RHB Steve Brye 0-0: Ball
1-0: Foul Ball, location: 2F
1-1: Ball
2-1: Ball
3-1: Base on Balls
Batting: RHB Randy Edwards 0-0: Swinging Strike
0-1: Swinging Strike
0-2: Ball
1-2: Foul Ball, location: 2F
1-2: Foul Ball, location: 2F
1-2: Foul Ball, location: 2F
1-2: Strikes out swinging
Batting: RHB Larry Hisle 0-0: Called Strike
Steve Brye is caught stealing 2nd base 2-4
0-1: Called Strike
0-2: Ball
1-2: Fly out, F8 (Flyball, 8LS, EV 82.5 MPH)
Bottom of the 6th over - 0 runs, 0 hits, 0 errors, 0 left on base; Kansas City 1 - Minnesota 0
TOP OF THE 7TH
Kansas City Royals batting - Pitching for Minnesota Twins : LHP Mauricio Valdivia
Batting: LHB Gene Richards 0-0: Foul Ball, location: 2F
0-1: Ground out 6-3 (Groundball, 6, EV 104.4 MPH)
Batting: RHB Adrian Monrreal 0-0: Foul Ball, location: 2F
0-1: Ball
1-1: Hit by Pitch
Pitching: RHP Mark Fidrych
Batting: LHB Jim Eisenreich 0-0: Ball
1-0: Ball
2-0: Foul Ball, location: 2F
2-1: Ball
3-1: Called Strike
3-2: Foul Ball, location: 2F
3-2: Base on Balls
Adrian Monrreal to second
Batting: RHB Lloyd McClendon 0-0: Called Strike
0-1: Ball
1-1: Foul Ball, location: 2F
1-2: Strikes out swinging
Batting: LHB Rick Manning 0-0: Ball
1-0: Called Strike
1-1: Ball
2-1: Foul Ball, location: 2F
2-2: Foul Ball, location: 2F
2-2: Ball
3-2: Fly out, F6 (Popup, 5D, EV 66.3 MPH)
Top of the 7th over - 0 runs, 0 hits, 0 errors, 2 left on base; Kansas City 1 - Minnesota 0
BOTTOM OF THE 7TH
Minnesota Twins batting - Pitching for Kansas City Royals : LHP Dave LaPoint
Batting: SHB Jerry Mumphrey 0-0: Ball
1-0: Foul Ball, location: 2F
1-1: Called Strike
1-2: Strikes out swinging
Pitching: RHP Sandy Wihtol
Batting: RHB Chet Lemon 0-0: Ball
1-0: Foul Ball, location: 2F
1-1: Ball
2-1: Ball
3-1: Foul Ball, location: 2F
3-2: Fly out, F7 (Flyball, 7LS, EV 96.9 MPH)
Batting: RHB Brook Jacoby 0-0: Called Strike
0-1: Ball
1-1: Called Strike
1-2: Ball
2-2: SINGLE (Line Drive, 6MD, EV 108.8 MPH)
Pinch Hitting: LHB Lloyd Moseby 0-0: Ball
1-0: Called Strike
1-1: Fly out, F9 (Flyball, 8RS, EV 80.6 MPH)
Bottom of the 7th over - 0 runs, 1 hit, 0 errors, 1 left on base; Kansas City 1 - Minnesota 0
TOP OF THE 8TH
Kansas City Royals batting - Pitching for Minnesota Twins : RHP Mark Fidrych
Now at SS: Taylor Duncan
Batting: RHB Rickey Henderson 0-0: Foul Ball, location: 2F
0-1: Fly out, F8 (Flyball, 8LXD, EV 90.6 MPH)
Batting: RHB Bob Horner 0-0: Ball
1-0: Foul Ball, location: 2F
1-1: Ball
2-1: Ground out 6-3 (Groundball, 6, EV 76.3 MPH)
Batting: LHB Alvin Davis 0-0: Ball
1-0: Called Strike
1-1: Swinging Strike
1-2: Ball
2-2: Strikes out swinging
Top of the 8th over - 0 runs, 0 hits, 0 errors, 0 left on base; Kansas City 1 - Minnesota 0
BOTTOM OF THE 8TH
Minnesota Twins batting - Pitching for Kansas City Royals : RHP Sandy Wihtol
Batting: RHB Lee Lacy 0-0: Called Strike
0-1: Ball
1-1: Ball
2-1: Fly out, F7 (Flyball, 7D, EV 104.4 MPH)
Batting: RHB Tom Brown 0-0: Fly out, F7 (Line Drive, 7, EV 97.5 MPH)
Batting: RHB Steve Brye 0-0: Ball
1-0: Swinging Strike
1-1: Foul Ball, location: 2F
1-2: Ball
2-2: Ball
3-2: Foul Ball, location: 2F
3-2: Fly out, F7 (Line Drive, 7, EV 93.1 MPH)
Bottom of the 8th over - 0 runs, 0 hits, 0 errors, 0 left on base; Kansas City 1 - Minnesota 0
TOP OF THE 9TH
Kansas City Royals batting - Pitching for Minnesota Twins : RHP Mark Fidrych
Batting: RHB Gary Carter 0-0: Called Strike
0-1: SINGLE (Flyball, 9LS, EV 93.8 MPH)
Pitching: LHP Randy Niemann
Batting: LHB Gene Richards 0-0: Ball
1-0: Ball
2-0: SINGLE (Line Drive, 8RS, EV 112.5 MPH)
Gary Carter to second
Pitching: LHP Tom Hall
Batting: RHB Adrian Monrreal 0-0: Sac Bunt to 13 - play at first, batter OUT! 1-4
Gary Carter to third
Gene Richards to second
Batting: LHB Jim Eisenreich 0-0: Called Strike
0-1: Ball
1-1: Ground out 6-3 (Groundball, 6, EV 80.0 MPH)
Batting: RHB Lloyd McClendon 0-0: Ball
1-0: Ball
2-0: Called Strike
2-1: Ball
3-1: Swinging Strike
3-2: Strikes out swinging
Top of the 9th over - 0 runs, 2 hits, 0 errors, 2 left on base; Kansas City 1 - Minnesota 0
BOTTOM OF THE 9TH
Minnesota Twins batting - Pitching for Kansas City Royals : RHP Sandy Wihtol
Batting: RHB Randy Edwards 0-0: Called Strike
0-1: Ground out 5-3 (Groundball, 5, EV 86.9 MPH)
Batting: RHB Larry Hisle 0-0: Fly out, F8 (Flyball, 8RXD, EV 96.9 MPH)
Batting: SHB Jerry Mumphrey 0-0: Swinging Strike
0-1: Called Strike
0-2: Strikes out looking
Bottom of the 9th over - 0 runs, 0 hits, 0 errors, 0 left on base; Kansas City 1 - Minnesota 0
Wednesday, September 2nd, 2020 - OOTP Baseball 21.5 Build 76